 Dungeon Crawl Stone Soup version 0.31.0-9-g3a7656b989 (webtiles) character file.

Game seed: 9158683232347115722

39 ProzacElf the Shooter (level 3, 0/28 HPs)
             Began as a Djinni Hunter on Jan 25, 2024.
             Was a Believer of Makhleb.
             Slain by Terence
             ... wielding a +0 mace
              (7 damage)
             ... on level 1 of the Dungeon.
             The game lasted 00:02:27 (856 turns).

ProzacElf the Shooter (Djinni Hunter)                Turns: 856, Time: 00:02:28

Health: 0/28       AC:  5    Str:  7 (10) XL:     3   Next: 67%
Gold:   43         EV: 10    Int:  7 (10) God:    Makhleb [**....] SH:  0 Dex: 16 (18)

rFire   + + +        b - +1 dagger (venom)
rCold   . . .        (no shield)
rNeg    . . .        m - +0 ring mail
rPois   ∞            (no helmet)
rElec   +            (no cloak)
rCorr   +            (no gloves)
SInv    .            (boots unavailable)
Will    .....        (no amulet)
Stlth   +            (no ring)
HPRegen 0.24/turn    (no ring)
MPRegen 0.00/turn

%: infuse magic (-1 HP)
@: resistant, flying
A: sickness immunity, fire resistance 2, cold vulnerability 1, float, innate
caster, HP casting, extra vitality 1
a: Renounce Religion, Minor Destruction


You were on level 1 of the Dungeon.
You worshipped Makhleb.
Makhleb was pleased with you.
You visited 1 branch of the dungeon, and saw 2 of its levels.

You collected 43 gold pieces.

Inventory:

Hand Weapons
 a - a +0 shortbow
 b - a +1 dagger of venom (weapon)
 n - a +0 mace
Armour
 c - a +0 leather armour
 m - a +0 ring mail (worn)
Scrolls
 d - a scroll of teleportation {unknown}
 f - a scroll of butterflies
 g - 3 scrolls of identify {unknown}
 i - a scroll of revelation {unknown}
 k - a scroll of immolation {unknown}
Potions
 l - a potion of might {unknown}


   Skills:
 - Level 2.0 Fighting
 + Level 3.6 Ranged Weapons
 + Level 3.0 Dodging
 - Level 1.5 Stealth


You knew the following spells:

 Your Spells              Type           Power      Damage    Failure   Level
p - Apportation           Tloc           0%         N/A       86%         1
Your spell library was empty.

Dungeon Overview and Level Annotations

Branches:
Dungeon (2/15)

Altars:
Makhleb

Annotations:
D:1 Terence


Innate Abilities, Weirdness & Mutations

You are immune to sickness and miasma.
You are immune to poison.
Your flesh is very heat resistant. (rF++)
You are vulnerable to cold. (rC-)
You float through the air rather than walking.
You learn spells naturally, not from books.
Your magical power is your life essence.
You have superior vitality. (+4 MHP)


Message History

Thar be a stone staircase leadin' down 'ere.
Ye fly downwards.
Level annotation: Terence Terence closely misses ye.
Tha dart slug launches a dart at ye.
Tha slug dart hits ye.
Thar be a stone staircase leadin' up 'ere.
Ye take 3 damage, an' haf 25/28 hp.
Terence hits ye wit' a +0 mace.
Ye fly upwards.
Thar be a stone staircase leadin' down 'ere.
Ye take 4 damage, an' haf 21/28 hp.
Ye hit Terence but do nay damage.
Terence be poison'd.
Terence barely misses ye.
Ye hit Terence but do nay damage.
Terence be lightly wounded.
Terence hits ye wit' a +0 mace.
Ye take 3 damage, an' haf 18/28 hp.
Ye hit Terence.
Terence be moderately wounded.
Terence hits ye wit' a +0 mace.
Ye take 3 damage, an' haf 15/28 hp.
Terence hits ye wit' a +0 mace.
Ye take 5 damage, an' haf 10/28 hp.
Terence attacks as 'e pursues ye!
Terence hits ye wit' a +0 mace!
* * * LOW HITPOINT WARNIN'
* * * Ye take 7 damage, an' haf 4/28 hp.
MASSIVE DAMAGE!!
It was a potion o' curin'.
Ye feel better.
Terence hits ye wit' a +0 mace!
* * * LOW HITPOINT WARNIN'
* * * Ye regain'd 2 hp, an' now haf 6/28 hp.
It was a potion o' resistance.
Ye feel protected.
Terence closely misses ye.
It was a potion o' degeneration.
Thar was somethin' very wrong wit tha liquid.
Ye feel weaken'd.
Ye feel dopey.
Ye feel clumsy.
Terence screams, "I want yer blood!"
Terence hits ye wit' a +0 mace!
Ye die...
Terence says, "Time ta find some more victims."

### ####.##########
#.............# ###########
####.########.#
..........######.##>#####.#
..........'.....).......#.#
..........######.##.###.#.#
(.........# #@#..# #.#.#
..........# #@#..# #.#.#
..###+#...# ####.#..# #(#.#
......#######....#..# #.#.#######
).###............#..###'#........
'## #..######.##.#..........#####
.# #..# #.##.#...)......# # .#
#..# #.##.#..........# # .# #..#
#.##.#..........# # .#
##.######.##.#..........# #


You could see Terence (poisoned).

Vanquished Creatures
  A ribbon worm (D:1)
  4 endoplasms (D:1)
  2 giant cockroaches (D:1)
  5 goblins (D:1)
  2 hobgoblins (D:1)
  3 jackals (D:1)
  5 kobolds (D:1)
  2 quokkas (D:1)
  2 ball pythons (D:1)
  2 bats (D:1)
  A frilled lizard (D:1)
  4 rats
33 creatures vanquished.

Notes
Turn   | Place    | Note
-------+----------+-------------------------------------------
     0 | D:1      | ProzacElf the Djinni Hunter began the quest for the Orb.
     0 | D:1      | Reached XP level 1. HP: 18/18 MP: 0/0
    43 | D:1      | Reached skill level 1 in Stealth
    81 | D:1      | Found a faded altar of an unknown god.
    92 | D:1      | Reached XP level 2. HP: 23/23 MP: 0/0
    95 | D:1      | Prayed at the altar of an unknown god.
    95 | D:1      | Became a worshipper of Makhleb the Destroyer
    95 | D:1      | Reached * piety under Makhleb
   398 | D:1      | Reached XP level 3. HP: 28/28 MP: 0/0
   398 | D:1      | Learned a level 1 spell: Apportation
   807 | D:2      | Reached ** piety under Makhleb
   810 | D:2      | Noticed Terence
   856 | D:1      | Slain by Terence

Illustrated notes

Levels and vault maps discovered:
D:1:      lemuel_arrival_muddy, layout_basic, hellmonk_ecumenical_altar_run_dry
D:2:      layout_rooms, serial_shops, nicolae_shop_bloodbath_and_beyond,
          uniq_terence, uniq_jessica

Skill      XL: |  1  2  3 |
---------------+----------+-----
Stealth        | 1 |  1.5
Dodging        | 3 |  3.0
Fighting       | |  2.0
Ranged Weapons | |  3.6

Action                     || total
---------------------------++-------
  Melee: Dagger            ||     9
   Fire: Shortbow          ||    86
    Use: Potion            ||     3
 Armour: Leather armour    ||     6
         Ring mail         ||    26
  Dodge: Dodged            ||    30

Action                     || total
---------------------------++-------
  Melee: Dagger            ||     9
   Fire: Shortbow          ||    86
    Use: Potion            ||     3
 Armour: Leather armour    ||     6
         Ring mail         ||    26
  Dodge: Dodged            ||    30

Levels and vault maps discovered:
D:1:      lemuel_arrival_muddy, layout_basic, hellmonk_ecumenical_altar_run_dry
D:2:      layout_rooms, serial_shops, nicolae_shop_bloodbath_and_beyond,
          uniq_terence, uniq_jessica
